 Dungeon Crawl Stone Soup version 0.21.1-1-g345015f (webtiles) character file.

197 Monsterracer the Vandal (level 5, 0/26 HPs)
             Began as a Spriggan Hunter on Feb 16, 2018.
             Was an Initiate of Ru.
             Slain by a river rat (10 damage)
             ... in a sewer.
             The game lasted 00:06:08 (2839 turns).

Monsterracer the Vandal (Spriggan Hunter)           Turns: 2839, Time: 00:06:08

Health: 0/26       AC:  3    Str:  9    XL:     5   Next: 46%
Magic:  6/6        EV: 19    Int: 12    God:    Ru [......]
Gold:   130        SH:  0    Dex: 17    Spells: 4/4 levels left

rFire    . . .     SeeInvis +   a - +1 hunting sling
rCold    . . .     Gourm    .   (shield restricted)
rNeg     . . .     Faith    .   f - +0 robe
rPois    .         Spirit   .   (helmet restricted)
rElec    .         Reflect  .   o - +0 cloak
rCorr    .         Harm     .   (gloves unavailable)
MR       .....                  (boots unavailable)
Stlth    +++.......             (no amulet)
HPRegen  0.08/turn              (no ring)
MPRegen  0.10/turn              (no ring)

@: very quick
A: very small, unfitting armour, see invisible, herbivore, speed 3, slow
metabolism 2
a: Renounce Religion


You were in a sewer.
You worshipped Ru.
Ru was noncommittal.
You were not hungry.

You visited 1 branch of the dungeon, and saw 3 of its levels.
You also visited: Sewer.

You collected 130 gold pieces.

Inventory:

Hand Weapons
 a - a +1 hunting sling (weapon)
 b - a +0 short sword
Missiles
 d - 45 sling bullets (quivered)
 e - 46 stones
Armour
 f - a +0 robe (worn)
 o - a +0 cloak (worn)
Scrolls
 l - 2 scrolls of magic mapping {!r}
Potions
 g - a potion of curing
 h - a potion of berserk rage {unknown}
 i - 2 potions of agility {unknown}
 j - a potion of invisibility {unknown}
 m - a potion of magic
 n - a potion of ambrosia {unknown}
Comestibles
 c - 3 rations


   Skills:
 + Level 2.3 Fighting
 * Level 3.2 Short Blades
 + Level 5.5 Slings
 + Level 4.3 Dodging
 + Level 3.5 Stealth


You had 4 spell levels left.
You didn't know any spells.

Dungeon Overview and Level Annotations

Branches:
Dungeon (3/15)

Altars:
Ashenzari
Kikubaaqudgha
Nemelex Xobeh
Ru
Yredelemnul


Innate Abilities, Weirdness & Mutations

You are very small and have problems with some larger weapons.
You are too small for most types of armour.
You have supernaturally acute eyesight. (SInv)
You are a herbivore.
You cover ground extremely quickly.
You need consume almost no food.


Message History

Firing (i - inventory. (,) - cycle):
e - 37 stones (quivered)
Press: ? - help, Shift-Dir - straight line, f/p - frilled lizard
Aim: a frilled lizard You shoot a stone.
The stone misses the frilled lizard.
The frilled lizard completely misses you.
Unknown command.
b - a +0 short sword (weapon)
The frilled lizard closely misses you.
You hit the frilled lizard.
You kill the frilled lizard!
No target in view!
No target in view!
e - 42 stones (gained 6)
Items here: ††††††††
e - 50 stones (gained 8)
You see here a rat corpse.
A rat is nearby!
A rat is nearby!
A rat comes into view.
You hit the rat.
You kill the rat!
You hit the rat.
You kill the rat!
No target in view!
No target in view!
You see here 2 stones.
A river rat is nearby!
A river rat is nearby!
e - 52 stones (gained 2)
What are your orders? t - Shout!
Orders for allies: a - Attack new target. r - Retreat! s - Stop attacking. g - Guard the area. f - Follow me.
Anything else - Cancel.
You shout for attention!
A rat comes into view.
The river rat bites you!
You take 7 damage, and have 19/26 hp.
MASSIVE DAMAGE!!
You see here a rat corpse.
Items here: ††††††††
Items here: ††††††††
a - a +1 hunting sling (weapon)
Firing (i - inventory. (,) - cycle):
e - 52 stones (quivered)
Press: ? - help, Shift-Dir - straight line, f - river rat
Aim: a river rat You shoot a stone.
The stone hits the river rat but does no damage.
Firing (i - inventory. (,) - cycle):
e - 51 stones (quivered)
Press: ? - help, Shift-Dir - straight line, f/p - river rat
Aim: a river rat You shoot a stone.
The stone hits the river rat but does no damage.
There is an empty arch of ancient stone, spattered with blood here.
Firing (i - inventory. (,) - cycle):
e - 50 stones (quivered)
Press: ? - help, Shift-Dir - straight line, f/p - river rat
Aim: a river rat You shoot a stone.
The stone barely misses the river rat.
Firing (i - inventory. (,) - cycle):
e - 49 stones (quivered)
Press: ? - help, Shift-Dir - straight line, f/p - river rat
Aim: a river rat You shoot a stone.
The stone hits the river rat.
The river rat is moderately wounded.
The river rat bites you!
* * * LOW HITPOINT WARNING * * *
You take 6 damage, and have 13/26 hp.
MASSIVE DAMAGE!!
Firing (i - inventory. (,) - cycle):
e - 48 stones (quivered)
Press: ? - help, Shift-Dir - straight line, f/p - river rat
Aim: a river rat (moderately wounded)
You shoot a stone. The stone barely misses the river rat.
The river rat closely misses you.
Firing (i - inventory. (,) - cycle):
e - 47 stones (quivered)
Press: ? - help, Shift-Dir - straight line, f/p - river rat
Aim: a river rat (moderately wounded)
You shoot a stone. The stone hits the river rat.
The river rat is heavily wounded.
The river rat bites you.
* * * LOW HITPOINT WARNING * * *
You take 3 damage, and have 10/26 hp.
Quiver which item? (- for none, * to show all) (? for menu, Esc to quit)
Quivering
d - 48 sling bullets for slings.
Firing (i - inventory. (,) - cycle):
d - 48 sling bullets (quivered)
Press: ? - help, Shift-Dir - straight line, f/p - river rat
Aim: a river rat (heavily wounded)
You shoot a sling bullet. The sling bullet hits the river rat.
The river rat is severely wounded.
The river rat barely misses you.
Firing (i - inventory. (,) - cycle):
d - 47 sling bullets (quivered)
Press: ? - help, Shift-Dir - straight line, f/p - river rat
Aim: a river rat (severely wounded)
You shoot a sling bullet. The sling bullet hits the river rat.
The river rat is severely wounded.
The river rat barely misses you.
Firing (i - inventory. (,) - cycle):
d - 46 sling bullets (quivered)
Press: ? - help, Shift-Dir - straight line, f/p - river rat
Aim: a river rat (severely wounded)
You shoot a sling bullet. The sling bullet hits the river rat.
The river rat is severely wounded.
The river rat bites you!
You die...

≈≈≈≈≈≈≈≈≈≈≈(..††≈≈≈≈≈≈≈≈≈≈≈≈≈≈≈#
≈≈≈≈≈.≈≈.≈..((....≈.≈.≈≈≈≈≈≈≈≈≈#
......................≈≈≈≈≈≈..≈#
......†..†..†..................†
....##.........................#
..# ##....(..##...÷...........#
#...##((#####.÷....###..###
#∩..#####..######...## #### ####
##rr@# ##### #####


You could see a river rat and a rat.

Vanquished Creatures
  9 adders
  2 river rats (Sewer)
  An ooze (D:1)
  5 dart slugs
  4 bats
  6 giant cockroaches
  5 hobgoblins
  7 jackals
  15 kobolds
  A quokka (D:3)
  8 ball pythons
  5 frilled lizards
  24 rats
92 creatures vanquished.

Notes
Turn   | Place    | Note
-------+----------+-------------------------------------------
     0 | D:1      | Monsterracer the Spriggan Hunter began the quest for the Orb.
     0 | D:1      | Reached XP level 1. HP: 10/10 MP: 2/2
   172 | D:1      | Reached XP level 2. HP: 15/15 MP: 3/3
   176 | D:1      | Reached skill level 1 in Short Blades
   318 | D:1      | Reached skill level 5 in Slings
   439 | D:1      | Reached XP level 3. HP: 18/18 MP: 4/4
   485 | D:1      | HP: 8/18 [ooze (4)]
  1186 | D:2      | Reached XP level 4. HP: 23/23 MP: 5/5
  1271 | D:2      | Found a shattered altar of Ashenzari.
  1395 | D:2      | Found a basalt altar of Yredelemnul.
  1750 | D:2      | Found a sacrificial altar of Ru.
  1794 | D:2      | Became a worshipper of Ru the Awakened
  2011 | D:2      | Found an ancient bone altar of Kikubaaqudgha.
  2082 | D:3      | Noticed a centaur
  2139 | D:3      | Found a sparkling altar of Nemelex Xobeh.
  2193 | D:3      | Found a glowing drain.
  2250 | D:3      | HP: 11/23 [poisoned by an adder]
  2254 | D:3      | Reached XP level 5. HP: 7/26 MP: 6/6
  2435 | Sewer    | Entered a sewer
  2834 | Sewer    | HP: 13/26 [river rat (7)]
  2839 | Sewer    | Slain by a river rat

Skill      XL: |  1  2  3  4  5 |
---------------+----------------+-----
Short Blades   | 1 2 3 |  3.2
Stealth        | 2 3 |  3.5
Slings         | 5 |  5.5
Fighting       | 2 |  2.3
Dodging        | 4 |  4.3

Action                   |  1- 3 |  4- 6 || total
-------------------------+-------+-------++-------
Melee: Short sword       |    81 |    98 ||   179
 Fire: Hunting sling     |    35 |   125 ||   160
  Use: Scroll            |       |     4 ||     4
       Potion            |       |     1 ||     1
 Stab: Sleeping          |     2 |     1 ||     3
Armor: Robe              |    10 |    22 ||    32
Dodge: Dodged            |    62 |   144 ||   206

Vault maps used:
D:1:      dpeg_arrival_water_fire
D:2:      overflow_temple_1_default, old_standard_altar,
          lemuel_coloured_pillars_altar, minmay_misc_feat_secret_circle,
          nicolae_ru_path_of_blood
D:3:      gup_sewer_entry_glass, nemelex_spade_bored_becter
Sewer:    sewer_minmay_treatment
